[Event "*** SCC Grand Prix: Titled Tuesday Blitz"]
[Site "Chess.com"]
[Date "2020.06.23"]
[Round "8"]
[White "goldaxe"]
[Black "Gerodot71"]
[Result "0-1"]
[WhiteElo "2296"]
[BlackElo "2421"]
[TimeControl "180+1"]
[EndTime "11:37:06 PDT"]
[Termination "Gerodot71 won by resignation"]

1. e4 e5 2. Nf3 Nc6 3. Bb5 a6 4.
Ba4 Nf6 5. O-O Be7 6. Re1 b5 7.
Bb3 d6 8. c3 O-O 9. h3 Nb8 10.
d4 Nbd7 11. Nbd2 Bb7 12. Bc2 Re8 13. Nf1 Bf8 14. Ng3 g6 15. Bg5 h6 16. Bd2 Bg7 17.
a4 Kh7 18. Qb1 c5 19. d5 c4 20. a5 Nc5 21. Be3 Nfd7 22. Qd1 Bc8 23. Nh2 Nb7 24. f4 Nxa5 25. f5 Nb7 26. Rf1 g5 27. Qh5 Kg8 28. Ng4 f6 29. Nxh6+ Bxh6 30. Qxh6 Re7 31. Nh5 Rf7 32.
Qg6+ Kf8 33. h4 gxh4 34. Bh6+ Ke7 35. Rf3 Nbc5 36. Rh3 Bb7 37. Rxh4 Qg8 38. Rg4 Qh7 39.
Ng3 Rh8 40. Qxh7 Rfxh7 41. Be3 Ra8 42. Kf2 a5 43. Rh1 Rxh1 44. Nxh1 b4 45. Rg7+ Kd8 46.
Ng3 bxc3 47. bxc3 a4 48. Bb1 a3 49. Ba2 Rb8 50. Bc1 Bc8 51. Bxa3 Ra8 52. Bxc5 Rxa2+ 53. Kf3 Nxc5 54. Nh5 Nd7 55. Rg8+ Kc7 56. Ng7 Rc2 57.
Ne8+ Kb6 58. Nxd6 Rxc3+ 59. Kg4 Ba6 60. Rg7 Nc5 61. Ne8 Nxe4 62. Nxf6 Nxf6+ 63. Kg5 Ne4+ 64. Kh6 Rc1 65. f6 Nxf6 66. Rg6 Rf1 67. Kg7 c3 68. Rxf6+ Rxf6 69. Kxf6 c2 70. g4 c1=Q 71. g5 Qf4+ 0-1

[Event "*** SCC Grand Prix: Titled Tuesday Blitz"]
[Site "Chess.com"]
[Date "2020.06.23"]
[Round "8"]
[White "kuban1991"]
[Black "petrkostenko"]
[Result "1-0"]
[WhiteElo "2732"]
[BlackElo "2533"]
[TimeControl "180+1"]
[EndTime "11:37:08 PDT"]
[Termination "kuban1991 won on time"]

1. Nf3 d5 2. g3 g6 3. Bg2 Bg7 4. d4 c6 5. O-O Nf6 6. Nbd2 O-O 7. b3 Na6 8. Bb2 b6 9. Ne5 Bb7 10. e3 c5 11. a3 Rc8 12. c4 cxd4 13. Bxd4 Nc5 14. b4 Ne6 15. Rc1 Nxd4 16. exd4 Ne4 17. Nxe4 dxe4 18. Re1 f6 19. Ng4 h5 20. Ne3 f5 21. d5 Qd6 22. Qb3 e6 23. Red1 exd5 24. c5 Qe6 25. Nxd5 Kh7 26. Bf1 bxc5 27. bxc5 Bxd5 28.
Qxd5 Qf6 29. Qd6 Qg5 30. h4 Qf6 31. c6 Qxd6 32. Rxd6 Rc7 33. Rd7 Rfc8 34. Rxc7 Rxc7 35. Ba6 Bb2 36. Rc2 Bxa3 37. Bb7 Kg7 38. f3 exf3 39. Kf2 Kf6 40. Kxf3 Bd6 41. Ra2 Bc5 42. Rc2 Bb6 43. Re2 Re7 44. Rd2 Re3+ 45. Kg2 Bc7 46. Rd7 Rxg3+ 47. Kf2 Be5 48. c7 Bxc7 49. Rxc7 Rg4 50. Rc6+ Ke5 51. Ra6 f4 52. Bf3 Rxh4 53. Rxg6 Rh2+ 54.
Bg2 Rh4 55. Ra6 Rg4 56. Ra5+ Kf6 57. Rxh5 Rg5 58. Rh7 Rg7 59. Rh6+ Rg6 60. Rh8 Rg7 61. Ra8 Ke5 62. Bf3 Rf7 63. Re8+ 1-0

[Event "*** SCC Grand Prix: Titled Tuesday Blitz"]
[Site "Chess.com"]
[Date "2020.06.23"]
[Round "8"]
[White "Sadykov_Ramil"]
[Black "2008king"]
[Result "1/2-1/2"]
[WhiteElo "2396"]
[BlackElo "2241"]
[TimeControl "180+1"]
[EndTime "11:37:09 PDT"]
[Termination "Game drawn by stalemate"]

1. e4 e5 2. Nf3 Nc6 3. Bc4 Bc5 4. c3 Nf6 5. d4 exd4 6. e5 d5 7. Bb5 Ne4 8. cxd4 Bb4+ 9. Nbd2 Bg4 10. h3 Bh5 11. Qa4 Bxd2+ 12. Nxd2 Qd7 13. g4 Bg6 14. Nb3 O-O 15. f3 a6 16. Bxc6 bxc6 17. fxe4 Bxe4 18. Nc5 Qe7 19. Nxe4 dxe4 20. Be3 f6 21. exf6 Qxf6 22. O-O-O Rab8 23. Rhe1 Kh8 24. Qc2 Rfe8 25. Rf1 Qe6 26. b3 a5 27. Qc4 Qe7 28. Qc5 Qe6 29.
Qf5 Qd6 30. Qc5 Qe6 31. Bf4 e3 32. Be5 e2 33. Rfe1 exd1=Q+ 34. Kxd1 Qd5 35. Qxd5 cxd5 36. Rf1 Rf8 37. Re1 Rbe8 38. Re3 Rf2 39. Bxg7+ Kxg7 40. Rxe8 Rxa2 41. Re7+ Kg6 42. Rxc7 Rb2 43. Rc6+ Kg7 44. Rc7+ Kg6 45. Rc5 Rxb3 46. Rxa5 Rd3+ 47. Ke2 Rxd4 48. Ke3 Re4+ 49. Kf3 Rd4 50. Kg3 Rd3+ 51. Kh4 d4 52. Ra6+ Kg7 53. Rd6 Rd1 54. Kg5 d3 55. h4 d2 56. Rd7+ Kf8 57. h5 Ke8 58. Rd3 Kf8 59. Kh6 Rg1 60. Rxd2 Rxg4 61. Kxh7 Rg7+ 62. Kh6 Rg1 63.
Rf2+ Kg8 64. Rf6 Rg2 65. Ra6 Rg1 66. Rb6 Rg2 67. Rb8+ Kf7 68. Rb7+ Kg8 69. Rb6 Rg1 70. Rb8+ Kf7 71. Rh8 Rg2 72. Rh7+ Kg8 73. Re7 Rg1 74. Re2 Rg3 75. Re1 Rg2 76. Re6 Rg1 77. Ra6 Rg2 78. Ra8+ Kf7 79. Kh7 Rg7+ 80. Kh8 Rg1 81. h6 Rh1 82. Ra7+ Kf8 83. Ra6 Kf7 84. Kh7 Rh2 85.
Ra7+ Kf8 86. Ra5 Rg2 87. Rf5+ Ke7 88. Rf4 Ke6 89. Rf8 Ke7 90. Rg8 Rf2 91. Rg7+ Kf8 92. Kg6 Rg2+ 93. Kf6 Rxg7 94. hxg7+ Kg8 95. Kg6 1/2-1/2

[Event "*** SCC Grand Prix: Titled Tuesday Blitz"]
[Site "Chess.com"]
[Date "2020.06.23"]
[Round "8"]
[White "JozefKneht"]
[Black "icychess54"]
[Result "1-0"]
[WhiteElo "2439"]
[BlackElo "2308"]
[TimeControl "180+1"]
[EndTime "11:37:11 PDT"]
[Termination "JozefKneht won by resignation"]

1. e4 c5 2. Nf3 d6 3. d4 cxd4 4.
Nxd4 Nf6 5. Nc3 Nc6 6. Bg5 e6 7. Qd2 h6 8. Bxf6 gxf6 9. O-O-O a6 10. Kb1 Qc7 11. f4 h5 12. g3 Bd7 13. f5 O-O-O 14.
fxe6 fxe6 15. Bh3 Nxd4 16. Qxd4 Be7 17. Ne2 Kb8 18. Qe3 h4 19. Nf4 hxg3 20. Bxe6 gxh2 21. Nd5 Qa5 22. Bxd7 Rxd7 23. Qf4 Bd8 24. Rxh2 Rxh2 25. Qxh2 Qa4 26. Qf4 Ka7 27. a3 Ba5 28. Nxf6 Rf7 29. Qe3+ Bb6 30. Qc3 Qb5 31. Nd5 Bc5 32. Qd3 Qxd3 33.
Rxd3 a5 34. b4 axb4 35. axb4 Bb6 36. Kb2 Bd8 37. Kb3 Rh7 38. Nc3 Rh4 39. Rxd6 Bc7 40.
Nb5+ Kb8 41. Nxc7 Kxc7 42. Rd4 Kc6 43. c3 Rh1 44. Rd5 Re1 45. Rc5+ Kb6 46. e5 Ka7 47. Kc4 b6 48. Rd5 Kb7 49. Kb5 Kc7 50. c4 Re4 51. c5 bxc5 52. Kxc5 Re1 53. b5 Rc1+ 54. Kd4 Rd1+ 55. Ke4 Re1+ 56. Kf5 Rf1+ 57. Ke6 Re1 58.
Kf6 Rf1+ 59. Ke7 Re1 60. e6 Re2 61. Kf7 Rf2+ 62. Ke8 Re2 63. e7 Re1 64. Rd2 Re3 65. Rc2+ Kb6 66. Kf7 Rf3+ 67. Kg7 Rg3+ 68. Kf6 Rf3+ 69. Kg7 Rg3+ 70. Kf8 Rf3+ 71. Ke8 Kxb5 72.
Rd2 Kc6 73. Kd8 Rc3 74. e8=Q+ Kc5 75. Qe5+ Kb4 76. Rd4+ Kb3 77. Qb5+ Kc2 78. Qa4+ Rb3 79. Rd2+ Kc3 80. Rd3+ Kxd3 81. Qxb3+ Ke2 82. Ke7 Kf2 83. Ke6 Kg2 84. Ke5 Kg1 85. Ke4 Kh2 86. Kf4 Kh1 87.
Qb2 1-0

[Event "*** SCC Grand Prix: Titled Tuesday Blitz"]
[Site "Chess.com"]
[Date "2020.06.23"]
[Round "8"]
[White "MoreChessJulia"]
[Black "WiktoriaPOL"]
[Result "0-1"]
[WhiteElo "1751"]
[BlackElo "1939"]
[TimeControl "180+1"]
[EndTime "11:37:12 PDT"]
[Termination "WiktoriaPOL won on time"]

1. d4 Nf6 2. c4 g6 3. f3 Bg7 4. e4 d6 5. Nc3 O-O 6. Bg5 c5 7. d5 e6 8. Qd2 exd5 9. cxd5 Qe8 10. Bh6 Bd7 11. h4 Qe7 12. Nge2 b5 13. g4 b4 14. Nd1 Bxg4 15. Bxg7 Kxg7 16. fxg4 Qxe4 17. Rg1 Nxg4 18. Bg2 Qe5 19. Nf2 Nxf2 20. Kxf2 Qf6+ 21. Kg3 Re8 22. Bf3 h5 23. Rae1 Nd7 24. Qf4 Qxb2 25. Qxd6 Ne5 26. Qxc5 Nd3 27. Rb1 Qxe2 28. Qd4+ Qe5+ 29. Qxe5+ Rxe5 30. Rgd1 Nc5 31. Rxb4 Rd8 32.
Rc4 Nb7 33. Rc7 Nd6 34. Rxa7 Nf5+ 35. Kf2 Nxh4 36. Rd3 Nxf3 37. Rxf3 Rf5 38. Rxf5 gxf5 39. Ra5 Kf6 40. Kf3 Ke5 41. d6+ Ke6 42. d7 Rxd7 43. Ra6+ Rd6 44. Ra7 Rd7 45. Ra6+ Rd6 46. Ra7 Rd3+ 47. Kf4 f6 48. Ra6+ Rd6 49. Ra5 Rd5 50.
Ra6+ Rd6 51. Ra8 Rd4+ 52. Kf3 h4 53. a4 Rd3+ 54. Kf2 f4 55. Rh8 h3 56. a5 Ra3 57. a6 Rxa6 58. Rxh3 Ra2+ 59. Kf1 Ke5 60.
Rb3 Ke4 61. Ke1 f3 62. Kf1 Kf4 63. Rb6 Kg3 64. Rb1 f5 65. Rc1 Rh2 66. Ke1 Rh1+ 67.
Kd2 Rxc1 68. Kxc1 f2 0-1

[Event "*** SCC Grand Prix: Titled Tuesday Blitz"]
[Site "Chess.com"]
[Date "2020.06.23"]
[Round "8"]
[White "angryhorse9"]
[Black "budda"]
[Result "1-0"]
[WhiteElo "2450"]
[BlackElo "2328"]
[TimeControl "180+1"]
[EndTime "11:37:15 PDT"]
[Termination "angryhorse9 won by resignation"]

1. e4 c5 2. Nf3 Nc6 3. Bb5 g6 4. O-O Bg7 5. Re1 Nh6 6. Nc3 O-O 7. d3 Nd4 8. Nxd4 cxd4 9. Ne2 e5 10.
Bc4 Kh8 11. f4 d6 12. Rf1 f5 13. fxe5 dxe5 14. exf5 gxf5 15. Ng3 Qh4 16. Qf3 f4 17. Ne4 Bg4 18. Qf2 Qh5 19. c3 Bf5 20. h3 Rg8 21. Bxg8 Rxg8 22. cxd4 Bxh3 23. gxh3 Bf8+ 24. Qg2 f3 25.
Qxg8+ Nxg8 26. Kh2 exd4 27. Bf4 Ne7 28. Be5+ Bg7 29. Bxg7+ Kxg7 30. Rg1+ Kf7 31. Rg5 Qh4 32. Rg4 Qh6 33. Rf1 Qe3 34. Ng5+ Ke8 35. Rxf3 Qe2+ 36. Rg2 Qe5+ 37. Kh1 Nd5 38. Ne4 Ne3 39. Rg8+ Ke7 40. Rff8 Qh5 41. Kh2 Qe2+ 42. Rf2 Qxd3 43. Ng5 Nf1+ 44.
Kg1 Ne3 45. Kh2 Kd6 46. Rd8+ Kc7 47. Rdf8 Qd1 48. R8f7+ Kb6 49. R7f6+ Ka5 50. R6f4 b5 51. Ne6 a6 52. Nxd4 Qe1 53. Nf3 Qd1 54. Nd4 Nc4 55.
Nb3+ Kb4 56. R4f3 Qd6+ 57. Kg1 Ne5 58. Rf4+ Nc4 59. Kg2 Qd5+ 60. Kg1 Qd1+ 61. Kh2 Qd6 62. Nd2 Ka5 63. Nxc4+ bxc4 64. Kg1 Qd1+ 65. Kg2 Qd5+ 66.
Kg3 Qd3+ 67. Kg4 Qd6 68. Rf5+ Kb6 69. R5f4 Kb7 70. Rf7+ Kc8 71. Rf8+ Kd7 72. R2f7+ Kc6 73. Rf6 1-0

[Event "*** SCC Grand Prix: Titled Tuesday Blitz"]
[Site "Chess.com"]
[Date "2020.06.23"]
[Round "8"]
[White "pavlitas17"]
[Black "Shuvalov"]
[Result "0-1"]
[WhiteElo "2322"]
[BlackElo "2447"]
[TimeControl "180+1"]
[EndTime "11:37:21 PDT"]
[Termination "Shuvalov won on time"]

1. d4 d5 2. Nf3 c5 3. dxc5 e6 4. e3 Bxc5 5. Bd3 Nf6 6. O-O Nc6 7. b3 O-O 8. Bb2 Be7 9. Ng5 h6 10. Nf3 b6 11. Nbd2 Bb7 12. Qe2 Nb4 13. a3 Nxd3 14.
cxd3 Rc8 15. Rfc1 Ba6 16. Ne5 Qd6 17. Ndf3 Rxc1+ 18. Rxc1 Rc8 19. Rxc8+ Bxc8 20. Qc2 Bb7 21. b4 Qb8 22. Qc3 Bd6 23. Nd7 Qd8 24. Nxf6+ Qxf6 25. Qxf6 gxf6 26. Bxf6 a5 27. Bc3 axb4 28. Bxb4 Bc7 29. d4 Ba6 30. Nd2 f6 31. f3 Kf7 32. Kf2 Ke8 33.
g3 h5 34. e4 Kd7 35. Ke3 Kc6 36. exd5+ exd5 37. f4 Kd7 38. Nb1 Ke6 39. Nc3 Bc4 40. Ne2 Kf5 41. Ng1 h4 42. Kf3 hxg3 43. hxg3 Bb3 44. g4+ Ke6 45. f5+ Kf7 46. Ke2 Bc4+ 47. Ke3 Bb3 48. Nf3 Bd1 49. Bc3 Bd6 50. Bb4 Bc7 51.
Bc3 Kg7 52. g5 fxg5 53. Nxg5 Kf6 54. Ne6 Bd6 55. Bb4 Bxb4 56. axb4 Kxf5 57. Nc7 Bb3 58. Na8 b5 59. Nb6 Kg4 60. Nd7 Kg3 61. Ne5 Kg2 62.
Kd2 Kf2 63. Kc3 Ba2 64. Ng4+ Kf3 65. Nf6 Ke3 66. Ne8 Bc4 67. Nd6 Bd3 68. Nb7 Bc4 69. Nc5 Ke2 70. Na6 Ke3 71. Nc7 Bd3 72. Ne6 Bc4 73.
Nf8 Bd3 74. Nd7 Bc4 75. Nb6 Bd3 76. Nxd5+ Ke4 77. Nb6 Be2 78. Nc8 Kd5 79. Ne7+ Kd6 80.
Nf5+ Kd5 81. Ne3+ Ke4 82. Nc2 Bc4 83. Na3 Bf1 0-1

[Event "*** SCC Grand Prix: Titled Tuesday Blitz"]
[Site "Chess.com"]
[Date "2020.06.23"]
[Round "8"]
[White "Pavel_Mir"]
[Black "yamalchess"]
[Result "1-0"]
[WhiteElo "2356"]
[BlackElo "2442"]
[TimeControl "180+1"]
[EndTime "11:37:22 PDT"]
[Termination "Pavel_Mir won by resignation"]

1. e4 e5 2. Nf3 Nc6 3. Nc3 Nf6 4. g3 d5 5. exd5 Nxd5 6. Bg2 Bc5 7. O-O Nxc3 8. bxc3 O-O 9. d3 Re8 10. Ng5 Bf5 11. Qe1 Bg6 12. Ne4 Bb6 13. Be3 f5 14.
Nd2 Qd7 15. a4 Rad8 16. Nc4 e4 17. d4 Bf7 18. Qe2 Qd5 19. Nxb6 axb6 20. Bg5 Rd7 21. f3 exf3 22. Qxf3 Qxf3 23. Bxf3 Na5 24. Rae1 Kf8 25. g4 Rxe1 26. Rxe1 h6 27. Bc1 Bg6 28. gxf5 Bxf5 29.
Bh5 g5 30. Rf1 Rd5 31. c4 Nxc4 32. Bg4 Nd6 33. Ba3 Kg8 34. Bxd6 Bxg4 35. Bxc7 Rxd4 36.
Bxb6 Rxa4 37. c3 Rc4 38. Bd4 Bd7 39. Rf6 Bc6 40. Rxh6 Kf7 41. Rh7+ Kg6 42. Rg7+ Kf5 43. Kf2 Ra4 44. Rf7+ Ke4 45. Re7+ Kf5 46. Rf7+ Kg4 47. Ke3 Ra2 48. Rh7 Rg2 49. h3+ Kf5 50. h4 g4 51.
h5 Rg3+ 52. Ke2 Rh3 53. h6 Kg6 54. Rh8 g3 55. h7 g2 56. Rg8+ Kxh7 57. Rh8+ Kg6 58.
Rxh3 Kf5 59. Rg3 Ke6 60. Kf2 Kf5 61. Bc5 Ke6 62. Bb4 Ke5 63. Rxg2 Bxg2 64. Kxg2 Kd5 65.
Kf2 Kc4 66. Ke3 Kd5 67. Kd3 Kc6 68. Kc4 Kb6 69. Kd5 Kc7 70. Kc5 Kb8 71. Kb6 Ka8 72.
Kc7 Ka7 73. Kc8 Ka8 74. c4 Ka7 75. Bd6 Ka8 76. c5 Ka7 77. Bc7 Ka8 78. Bb8 b6 79. c6 b5 80. Be5 b4 81. Kd7 b3 82.
c7 b2 83. c8=Q+ 1-0

[Event "*** SCC Grand Prix: Titled Tuesday Blitz"]
[Site "Chess.com"]
[Date "2020.06.23"]
[Round "8"]
[White "Radzio1987"]
[Black "LiemLe"]
[Result "1/2-1/2"]
[WhiteElo "2871"]
[BlackElo "3001"]
[TimeControl "180+1"]
[EndTime "11:37:23 PDT"]
[Termination "Game drawn - insufficient material"]

1. c4 e5 2. Nc3 Nf6 3. Nf3 Nc6 4. a3 d5 5. cxd5 Nxd5 6. Qc2 Nxc3 7. dxc3 Bd6 8. e3 O-O 9. Bd3 f5 10. e4 f4 11. b4 a5 12. Bb2 Qf6 13. Bc4+ Kh8 14. Rd1 Ne7 15. h4 Bg4 16. Be2 Be6 17. c4 axb4 18. c5 bxa3 19. Ba1 Rfc8 20. O-O h6 21.
cxd6 cxd6 22. Qb1 Bg4 23. Qxb7 Ng6 24. Nxe5 dxe5 25. Bxg4 Rcb8 26. Qd5 Qxh4 27. Qe6 Qg5 28. Rd6 Nh4 29. Bxe5 Kh7 30. Rd7 Re8 31. Rxg7+ Qxg7 32. Bxg7 Rxe6 33. Bxe6 Kxg7 34. Bd5 Ra5 35. g3 Nf3+ 36. Kg2 Nd2 37. Rd1 a2 38. Bxa2 Rxa2 39. gxf4 Nxe4 40.
Kf3 Nxf2 41. Rd7+ Kf6 42. Rd6+ Kg7 43. Rd7+ Kf8 44. Rd6 h5 45. Rh6 Nd3 46. Rxh5 Ra4 47. Ke3 Nb2 48. Rb5 Nc4+ 49. Kf3 Nd6 50. Rd5 Ke7 51.
Re5+ Kf6 52. Rd5 Nf5 53. Rd3 Ra1 54. Rd8 Ra3+ 55. Kf2 Ke6 56. Re8+ Kf7 57. Re5 Kg6 58. Re8 Kh5 59. Rg8 Nh6 60. Rg5+ Kh4 61. Kg2 Ng4 62. Rg7 Rg3+ 63. Kf1 Rf3+ 64. Ke2 Rxf4 65. Kd2 Kg3 66. Rh7 Kf3 67. Re7 Rd4+ 68. Kc3 Rd8 69. Re6 Ne3 70. Kb4 Ke2 71. Kc5 Rc8+ 72. Kd6 Kd3 73. Kd7 Ra8 74. Rd6+ Ke4 75. Rh6 Kd4 76.
Kc7 Ra7+ 77. Kb6 Rg7 78. Rh4+ Kc3 79. Kb5 Re7 80. Kc5 Re5+ 81. Kd6 Rg5 82. Kc6 Nc4 83. Rh1 Rg6+ 84. Kd5 Rd6+ 85. Kc5 Rd3 86. Rc1+ Kd2 87. Rxc4 Rc3 88. Rxc3 Kxc3 1/2-1/2

[Event "*** SCC Grand Prix: Titled Tuesday Blitz"]
[Site "Chess.com"]
[Date "2020.06.23"]
[Round "8"]
[White "crossingthestreet"]
[Black "chessplayer9919"]
[Result "0-1"]
[WhiteElo "2366"]
[BlackElo "2524"]
[TimeControl "180+1"]
[EndTime "11:37:30 PDT"]
[Termination "chessplayer9919 won by resignation"]

1. c4 e5 2. Nc3 Nf6 3. Nf3 Nc6 4. e3 Bb4 5. Qc2 O-O 6. Nd5 Re8 7. Qf5 d6 8. Nxf6+ Qxf6 9. Qxf6 gxf6 10. a3 Bc5 11. b4 Bb6 12. Bb2 a5 13. b5 Ne7 14. d4 c6 15. a4 Bg4 16. O-O-O cxb5 17. axb5 Rac8 18. Kb1 a4 19. Ka2 Ng6 20. h3 Be6 21. d5 Bd7 22. g4 f5 23. Rg1 f4 24. Re1 Ba5 25. Re2 Rxc4 26. h4 Bxb5 27. h5 Ne7 28. e4 Rc7 29. Re1 Bxf1 30. Rexf1 Rc2 31. Rc1 Rxf2 32.
Nh4 Bb6 33. Nf5 Nxf5 34. gxf5+ Kf8 35. Ka1 Re2 36. Rge1 Rxe1 37. Rxe1 f3 38. Rf1 f2 39. f6 Rc8 40. Ba3 Bc5 41. Bxc5 Rxc5 42. Rxf2 Rc4 43. Re2 b5 44. h6 b4 45. Ka2 Rc3 46. Rg2 Rf3 47. Rg7 Rxf6 48. Rxh7 Ke7 49. Rh8 Rf2+ 50. Kb1 Rh2 51. h7 b3 52. Ra8 Rxh7 53. Rxa4 Rh2 54. Rb4 b2 55. Rb7+ Kf6 56.
Rd7 Kg5 57. Rxd6 Kf4 58. Rf6+ Kxe4 59. d6 Rd2 60. Rxf7 Rxd6 61. Kxb2 Rc6 62. Re7 Kd4 63.
Rd7+ Ke3 64. Re7 e4 65. Re8 Kd3 66. Rd8+ Ke2 67. Re8 e3 68. Kb3 Kd2 69. Ra8 e2 70. Rd8+ Ke1 71. Re8 Rd6 72. Kc2 Rc6+ 73. Kd3 Kd1 74.
Rxe2 Rd6+ 75. Ke3 Re6+ 76. Kf3 Rxe2 77. Kf4 Kd2 78. Kf3 Kd3 79. Kf4 Rf2+ 80. Kg3 Ke3 81. Kg4 Rf3 82. Kg5 Rf4 83. Kg6 Ke4 84. Kg5 Ke5 85.
Kg6 Rg4+ 86. Kh5 Kf5 87. Kh6 Rg5 88. Kh7 Kf6 89. Kh8 Kf7 0-1

[Event "*** SCC Grand Prix: Titled Tuesday Blitz"]
[Site "Chess.com"]
[Date "2020.06.23"]
[Round "8"]
[White "topotun"]
[Black "wonderfultime"]
[Result "1/2-1/2"]
[WhiteElo "2710"]
[BlackElo "2949"]
[TimeControl "180+1"]
[EndTime "11:37:31 PDT"]
[Termination "Game drawn - insufficient material"]

1. e4 c5 2. Nf3 Nf6 3. e5 Nd5 4. d4 cxd4 5. Qxd4 Nc7 6. g3 Nc6 7. Qe4 g6 8. Bg2 Bg7 9. O-O O-O 10. Rd1 d5 11. exd6 exd6 12. Na3 d5 13. Qa4 Re8 14.
Bg5 Qd7 15. c3 h6 16. Be3 Qe7 17. Nb5 Be6 18. Re1 Nxb5 19. Qxb5 Rad8 20. Rad1 Qd7 21.
Qf1 Bf5 22. Nd4 Bg4 23. f3 Be6 24. Nxe6 Rxe6 25. Bf2 Rxe1 26. Qxe1 d4 27. f4 Qc7 28. Bxc6 Qxc6 29. Bxd4 Re8 30. Qf1 Bf8 31. Re1 Rd8 32.
Qf2 b6 33. a3 Bc5 34. Rd1 h5 35. f5 g5 36. f6 Qe4 37. Re1 Bxd4 38. Rxe4 Bxf2+ 39. Kxf2 Kh7 40. Re7 Kg6 41. Ke3 a5 42.
Rb7 Rd6 43. b4 axb4 44. axb4 Rxf6 45. c4 Kf5 46. h3 g4 47. h4 Ke5 48. Ke2 Kd4 49. Rc7 Rf3 50. b5 f5 51. Rc6 Rxg3 52. Rxb6 Kxc4 53. Rf6 Rf3 54. b6 Kd4 55. b7 Re3+ 56.
Kf2 Rb3 57. Rxf5 Rxb7 58. Rxh5 Ke4 59. Kg3 Rb1 60. Kxg4 Rg1+ 61. Kh3 Kf4 62. Rh8 Rh1+ 63. Kg2 Ra1 64. Rg8 Kf5 65. h5 Kf6 66. h6 Ra2+ 67. Kg3 Ra3+ 68. Kg4 Ra4+ 69. Kg3 Ra3+ 70. Kh4 Ra1 71. Rg3 Rh1+ 72. Rh3 Rg1 73. h7 Kg7 74. Rg3+ Rxg3 75. Kxg3 Kh8 76. Kg4 Kxh7 1/2-1/2

[Event "*** SCC Grand Prix: Titled Tuesday Blitz"]
[Site "Chess.com"]
[Date "2020.06.23"]
[Round "8"]
[White "swisspower96"]
[Black "sotochess"]
[Result "1-0"]
[WhiteElo "2628"]
[BlackElo "2471"]
[TimeControl "180+1"]
[EndTime "11:37:52 PDT"]
[Termination "swisspower96 won on time"]

1. c4 e5 2. Nc3 Nc6 3. Nf3 Nf6 4. e3 Bb4 5. Qc2 O-O 6. Nd5 a5 7. b3 Re8 8. Bb2 d6 9. Nxb4 Nxb4 10. Qb1 Bg4 11. a3 Nc6 12. h3 Bh5 13. Nh4 e4 14. d4 exd3 15. Bxd3 Bg6 16. Nxg6 hxg6 17. O-O Ne5 18. Be2 Qe7 19. Qc2 Rad8 20. Rad1 Nc6 21. Rfe1 Ne4 22. Bf3 Ng5 23. Bd5 Ne4 24. f3 Nf6 25.
Qc3 Ra8 26. e4 Qe5 27. Qxe5 Nxe5 28. f4 Nc6 29. Bc3 Kf8 30. Kf2 Nd7 31. g4 Nc5 32. Re3 f6 33. Rb1 Ne6 34. Bxe6 Rxe6 35. Kf3 b6 36. Rd1 Kg8 37. h4 Rf8 38. Rde1 g5 39. f5 Re7 40. hxg5 fxg5 41. Rh1 Ne5+ 42. Kg3 g6 43.
Re2 Rh7 44. Rxh7 Kxh7 45. Bd2 gxf5 46. gxf5 Rg8 47. Rh2+ Kg7 48. Rh5 Nf7 49. Kg4 Kf6 50. Bc3+ Ke7 51. Rh7 Ke8 52. Bf6 Kf8 53. Bd4 Ke8 54.
Rg7 Rxg7 55. Bxg7 Ke7 56. a4 c6 57. Bd4 c5 58. Bg7 Ke8 59. Bf6 Kd7 60. Kh5 Ke8 61. Bxg5 Ne5 62. Bf4 Nd3 63. Bxd6 Nc1 64. Bc7 Nxb3 65.
Bxb6 Kf7 66. e5 Nd2 67. e6+ Kf6 68. Bxc5 Nxc4 69. e7 Kf7 70. Kg5 Ne5 71. Bb6 Kxe7 72. Bxa5 Nc6 73. Bc3 Kf7 74. Kf4 Ne7 75. Ke4 Ke8 76.
f6 Nc6 77. Kd5 Nd8 78. Kd6 Kf7 79. Kc7 Ne6+ 80. Kb6 Nd8 81. a5 Ne6 82. a6 Nf4 83. Kc6 Ne6 84. a7 Nd8+ 85. Kd7 Nb7 86. a8=Q Nc5+ 87.
Kd6 Ne4+ 88. Qxe4 Kf8 89. Qe7+ 1-0

[Event "*** SCC Grand Prix: Titled Tuesday Blitz"]
[Site "Chess.com"]
[Date "2020.06.23"]
[Round "8"]
[White "Sam_ChessMood"]
[Black "theblitzchamp"]
[Result "1/2-1/2"]
[WhiteElo "2816"]
[BlackElo "2659"]
[TimeControl "180+1"]
[EndTime "11:38:09 PDT"]
[Termination "Game drawn by repetition"]

1. e4 d6 2. d4 Nf6 3. Nc3 e5 4. Nf3 Nbd7 5. Bc4 Be7 6. O-O O-O 7. Re1 c6 8. a4 b6 9. h3 a6 10. b3 Qc7 11. Bb2 Bb7 12. Bd3 b5 13. Ne2 Rfe8 14. Ng3 Bf8 15. c4 bxa4 16. Rxa4 c5 17. d5 g6 18. Qd2 Bg7 19. Bc3 h6 20. Ba5 Qc8 21. Rb1 Rb8 22. Bc2 Kh7 23. Ne1 Ng8 24. Nd3 Bf6 25.
Qe2 Bd8 26. Bd2 Nb6 27. Raa1 Qd7 28. Be3 Bg5 29. Bxg5 hxg5 30. Qe3 Qe7 31. Bd1 Kg7 32. Rc1 Nd7 33. Bg4 Bc8 34. Rab1 Nb6 35. Rb2 Bxg4 36. hxg4 Rec8 37. f3 Rb7 38. Ra2 Ra7 39. b4 Nd7 40. b5 Rca8 41. Rca1 Nb8 42. bxa6 Rxa6 43. Qd2 Rxa2 44. Rxa2 Rxa2 45. Qxa2 Qb7 46. Qb2 Qxb2 47. Nxb2 Ne7 48. Ne2 Na6 49. Nc3 Nc8 50. Nb5 Kf8 51. Kf2 Ke7 52. Ke3 Nb4 53. Kd2 Nb6 54. Kc3 Na2+ 55.
Kd2 Nb4 56. Kc3 Kd7 57. Kb3 f6 58. Nc3 Na6 59. Na2 Kc7 60. Nd3 Kd7 61. Nc3 Kc7 62. Na4 Nxa4 63. Kxa4 Kb6 64. g3 Nc7 65. f4 gxf4 66. gxf4 Ne8 67. f5 g5 68. Ne1 Nc7 69. Nf3 Ne8 70. Ng1 Nc7 71. Ne2 Ka6 72. Ng3 Ne8 73.
Nh5 Kb6 74. Ng3 Ka6 75. Nh1 Kb6 76. Nf2 Ka6 77. Nd1 Kb6 78. Nc3 Ka6 79. Nb5 Kb6 80. Nc3 Ka6 81. Kb3 Kb6 82. Na4+ Ka6 83. Nb2 Kb6 84. Nd3 Ka5 85. Ka3 Kb6 86. Ka4 Ka6 87. Nc1 Kb6 88. Nb3 Ka6 89. Na5 Kb6 90. Nc6 Ka6 91.
Nd8 Kb6 92. Ne6 Ka6 93. Nf8 Kb6 94. Nd7+ Ka6 95. Nf8 Kb6 96. Ng6 Ka6 97. Ne7 Kb6 98. Nc6 Ka6 99. Nb8+ Kb6 100. Nd7+ Ka6 101. Nf8 1/2-1/2

[Event "*** SCC Grand Prix: Titled Tuesday Blitz"]
[Site "Chess.com"]
[Date "2020.06.23"]
[Round "8"]
[White "Vaathi_Coming"]
[Black "SergeyKarjakin"]
[Result "1-0"]
[WhiteElo "2868"]
[BlackElo "2948"]
[TimeControl "180+1"]
[EndTime "11:38:18 PDT"]
[Termination "Vaathi_Coming won on time"]

1. Nf3 d5 2. g3 g6 3. Bg2 Bg7 4. d4 Nf6 5. O-O O-O 6. c3 Nbd7 7. a4 a5 8. Bf4 b6 9. Ne5 Bb7 10. Nxd7 Nxd7 11. Na3 e6 12. Re1 Nf6 13. Qb3 Nh5 14.
Bd2 Nf6 15. Rad1 Rc8 16. Bf4 Nh5 17. Bc1 Nf6 18. f3 c5 19. dxc5 Rxc5 20. e4 Nd7 21. Be3 Rc8 22. Nb5 Nc5 23. Qa3 Qe7 24. e5 Bc6 25.
Nd6 Rb8 26. f4 Nxa4 27. c4 Nc5 28. Bxc5 bxc5 29. Qxc5 Ba8 30. cxd5 Rxb2 31. Qxa5 exd5 32. Bxd5 Bxd5 33. Rxd5 Qe6 34. Rd2 Rb3 35. Qc5 h5 36. Qd5 Qxd5 37. Rxd5 Rfb8 38. Red1 Bf8 39. Ne4 Rb2 40.
Rd7 Re2 41. Nf6+ Kg7 42. R7d2 Bc5+ 43. Kf1 Rxd2 44. Rxd2 Be7 45. Ne4 Rb1+ 46. Kg2 Rb4 47. Nf2 Rb7 48. Re2 Bc5 49. Ne4 Be7 50. Rc2 Ra7 51. Kf3 Ra4 52. Rc7 Ra3+ 53. Kg2 Kf8 54. Rc8+ Kg7 55. Rc7 Kf8 56. Rb7 Ra4 57. Nf2 Ra2 58. Kf3 Ra3+ 59. Kg2 Ra2 60. Rc7 Bb4 61. Kf3 Ra3+ 62. Ke4 Ra2 63. Nd3 Be7 64. Rc8+ Kg7 65.
Rc7 Kf8 66. h3 Ra4+ 67. Kf3 Ra3 68. Ke4 Bd8 69. Rd7 Ke8 70. Rb7 Ra4+ 71. Ke3 Ra3 72. Kd4 Ra4+ 73. Rb4 Ra3 74. Ke4 Kf8 75. Rc4 Be7 76.
Rc8+ Kg7 77. Rc4 Kf8 78. g4 hxg4 79. hxg4 Ra1 80. f5 gxf5+ 81. gxf5 Rf1 82. Rc8+ Kg7 83.
Rc7 Kf8 84. Rb7 Bg5 85. Rb8+ Kg7 86. Rb7 Kf8 87. Rc7 Kg8 88. Rc8+ Kg7 89. Rc2 Kf8 90. Rg2 Bh4 91. Rh2 Bg5 92. Rf2 1-0

[Event "*** SCC Grand Prix: Titled Tuesday Blitz"]
[Site "Chess.com"]
[Date "2020.06.23"]
[Round "8"]
[White "zurzan"]
[Black "Resignify"]
[Result "0-1"]
[WhiteElo "1925"]
[BlackElo "2130"]
[TimeControl "180+1"]
[EndTime "11:38:21 PDT"]
[Termination "Resignify won on time"]

1. f4 g6 2. Nf3 Bg7 3. g3 b6 4.
Bg2 Bb7 5. O-O Nf6 6. d3 O-O 7. e4 d6 8. Nc3 c5 9. h3 Nc6 10. a3 Nd4 11. Kh2 Ne8 12. Ne2 Rc8 13. c3 Nxf3+ 14.
Bxf3 f5 15. Qc2 Nc7 16. Be3 Kh8 17. Rad1 Ne6 18. Qb3 c4 19. Qc2 cxd3 20. Qxd3 Qc7 21. Nd4 Nc5 22. Qc2 fxe4 23. Nb5 Qd7 24. Be2 a6 25. Nd4 Rce8 26. b4 Nd3 27. Bxd3 exd3 28. Qxd3 e5 29. Nc2 Qc6 30. Rf2 exf4 31. Bxf4 Rc8 32.
Nd4 Qxc3 33. Qxc3 Rxc3 34. Ne6 Re8 35. Nxg7 Kxg7 36. Bxd6 Rxa3 37. Bc7 Rf3 38. Rd7+ Kf6 39. Rxf3+ Bxf3 40. h4 Re2+ 41. Kg1 b5 42. Bb6 Kf5 43. Rf7+ Kg4 44. Bc7 Rg2+ 45. Kf1 Bd5 46. Rf4+ Kh3 47. Rd4 Bc4+ 48. Ke1 Rb2 49. Bd6 Rb1+ 50.
Kd2 Rb3 51. Kc2 Ra3 52. Kb2 Ra2+ 53. Kc1 Re2 54. Kd1 Rg2 55. h5 Rg1+ 56. Kd2 gxh5 57. Rh4+ Kg2 58. Bc5 Rf1 59. g4 hxg4 60. Rxg4+ Kf3 61.
Rh4 Kg3 62. Rxh7 Rf3 63. Rg7+ Kf4 64. Bd6+ Ke4 65. Re7+ Kd5 66. Bc5 Kc6 67. Ra7 Rd3+ 68. Kc2 Ra3 69. Ra8 Ra2+ 70. Kb1 Ra4 71. Kb2 Kd5 72. Rd8+ Ke4 73. Rd4+ Kf3 74. Rd8 Ra2+ 75. Kb1 Ra4 76. Kb2 Be2 77. Kb1 Bf1 78. Kb2 Kg2 79. Kb1 Be2 80. Kb2 Bc4 81. Kb1 Ra2 82.
Rd4 Re2 83. Kc1 Kf3 84. Rd6 Ra2 85. Kb1 Ke4 86. Kc1 Ra1+ 87. Kb2 Ra4 88. Kc1 Ke5 89. Kb2 a5 90. Kc1 axb4 91. Kb2 b3 92. Kc1 Ra2 93.
Rd2 Ra1+ 94. Kb2 Ra2+ 95. Kc3 Ra4 96. Rb2 Ke4 97. Bb4 Kf3 0-1